 Dungeon Crawl Stone Soup version 0.30-a0-140-gd1020e658a (webtiles) character file.

Game seed: 17256777825800723138

596 KennySheep the Covert (level 7, -2/61 (62) HPs)
             Began as a Naga Brigand on Sept 24, 2022.
             Was an Initiate of Gozag.
             Slain by an adder (3 damage)
             ... on level 6 of the Dungeon.
             The game lasted 00:28:44 (5574 turns).

KennySheep the Covert (Naga Brigand)                Turns: 5574, Time: 00:28:45

HP:   -2/61 (62)    AC:  4    Str: 19    XL:     7   Next: 40%
MP:   7/7           EV: 10    Int: 16    God:    Gozag
Gold: 350           SH:  0    Dex: 14    Spells: 4/6 levels left

rFire   . . .      SeeInvis +    m - +3 dagger (speed)
rCold   . . .      Faith    .    (no shield)
rNeg    . . .      Spirit   .    b - +0 robe
rPois   +          Reflect  .    (no helmet)
rElec   .          Harm     .    c - +0 cloak
rCorr   .          Rampage  .    (no gloves)
Will    .....                    (no barding)
Stlth   ++++......               (no amulet)
HPRegen 0.20/turn                l - +6 ring of strength
MPRegen 0.10/turn                y - +6 ring of intelligence

@: lightly drained, very slow
A: AC +2, large, see invisible, deformed body, poison resistance, slowness 2,
spit poison 1, naga tail 1, dopey 1, inability to read after injury 1
a: Spit Poison, Renounce Religion, Potion Petition, Call Merchant, Bribe Branch


You were on level 6 of the Dungeon.
You worshipped Gozag.
Gozag was aware of your devotion.
You visited 1 branch of the dungeon, and saw 6 of its levels.

You collected 590 gold pieces.
You spent 240 gold pieces at shops.

Inventory:

Hand Weapons
 a - a +2 dagger
 m - a +3 dagger of speed (weapon)
 E - the +8 hammer "Kimeus" {vorpal, rElec rC+}
   (You found it on level 5 of the Dungeon)

   It inflicts extra damage upon your enemies.
   rC:        It protects you from cold.
   rElec:     It insulates you from electricity.
Missiles
 d - 18 poisoned darts
Armour
 b - a +0 robe (worn)
 c - a +0 cloak (worn)
Jewellery
 l - a +6 ring of strength (left hand)
 u - an amulet of guardian spirit
 y - a +6 ring of intelligence (right hand)
 F - an amulet of regeneration
Wands
 o - a wand of polymorph (10)
 v - a wand of flame (27)
 A - a wand of acid (11)
 B - a wand of digging (3)
 C - a wand of charming (3)
Scrolls
 h - a scroll of magic mapping
 j - a scroll of noise
 n - 2 scrolls of poison
 p - 3 scrolls of amnesia
 r - a scroll of immolation
 s - 2 scrolls of vulnerability
 t - a scroll of enchant armour
 x - a scroll of identify
 D - a scroll of brand weapon {unknown}
Potions
 f - 2 potions of curing {unknown}
 g - 3 potions of mutation
 i - a potion of brilliance {unknown}
 w - a potion of flight {unknown}
 z - a potion of lignification {unknown}


   Skills:
 + Level 3.3 Fighting
 * Level 4.3 Short Blades
 - Level 1.7 Throwing
 + Level 2.1 Dodging
 * Level 8.4 Stealth
 * Level 2.3 Transmutations
 * Level 2.3 Earth Magic


You had 4 spell levels left.
You knew the following spells:

 Your Spells              Type           Power      Damage    Failure   Level
z - Passwall              Tmut/Erth      5%         N/A       14%         2

Your spell library contained the following spells:

 Spells                   Type           Power      Damage    Failure   Level
 Ensorcelled Hibernation  Hex/Ice        0%         N/A       36%         2
 Dazzling Flash           Conj/Hex       0%         N/A       58%         3
 Gell's Gravitas          Tloc           0%         N/A       58%         3
 Lesser Beckoning         Tloc           0%         N/A       58%         3
 Swiftness                Air            0%         N/A       58%         3
 Teleport Other           Tloc           0%         N/A       58%         3
 Agony                    Necr           0%         N/A       100%        5
 Silence                  Hex/Air        0%         N/A       100%        5


Dungeon Overview and Level Annotations

Branches:
Dungeon (6/15)             Temple (0/1) D:4

Altars:
Cheibriados
Gozag
Hepliaklqana

Shops:
D:1 :   D:2 (

Annotations:
D:5 Crazy Yiuf, Prince Ribbit


Innate Abilities, Weirdness & Mutations

Your serpentine skin is tough. (AC +2)
You have supernaturally acute eyesight. (SInv)
Armour fits poorly on your strangely shaped body.
Your system is resistant to poisons. (rPois)
You cover ground very slowly.
You can spit poison.
You have a snake-like lower body.
You are dopey. (Int -2)
You occasionally lose the ability to read scrolls when taking damage.


Message History

Level annotation: Crazy Yiuf, Prince Ribbit Crazy Yiuf barely misses you.
Crazy Yiuf hits you with a +3 quarterstaff of chaos!
* * * LOW HITPOINT WARNING * * *
You feel drained.
* * * LOW HITPOINT WARNING * * *
There is a stone staircase leading down here.
Okay, then.
You feel yourself speed up. Crazy Yiuf misses you.
Crazy Yiuf says, "Hack!"
Crazy Yiuf yells, "Line pontify disdain!"
Crazy Yiuf flaps his cloak.
Crazy Yiuf grits, "Snower!
Snurf mumblescurry ragdoll."
Crazy Yiuf says, "Rifle hand testudinal!"
Crazy Yiuf says, "Pitchfork!"
There is an open door here.
Okay, then.
Okay, then.
Crazy Yiuf grits, "Walk!
Mountain cower chair."
Your extra speed is starting to run out.
You feel yourself slow down.
There is an escape hatch in the floor here.
You slide downwards.
The hatch slams shut behind you.
The centaur wields a +0 shortbow.
The centaur shoots an arrow.
The arrow hits you.
* * * LOW HITPOINT WARNING * * *
Found a bubbling blue potion.
Found a stone staircase leading up.
The centaur shoots an arrow.
The arrow closely misses you.
The centaur shoots an arrow.
The arrow barely misses you.
The adder hisses angrily.
The centaur shoots an arrow.
The arrow hits you.
* * * LOW HITPOINT WARNING * * *
An orc comes into view. It is wielding a +0 short sword.
The centaur shoots an arrow.
The arrow hits you.
* * * LOW HITPOINT WARNING * * *
The adder barely misses you. The adder misses you.
The adder attacks as you move away! The adder bites you but does no damage.
The adder bites you.
You die...
Your body crumbles into a pile of gold.

#.. #.# #.#..
#.#.. #.#.# .
#.#.# .. #.#.#
##.. #@#.#
.....#S#.#
o.........#
......#.#.#
#####.....##
###....# $
#.#..c......
.............
###.#####...##


You could see a centaur and an adder.

Vanquished Creatures
  Duvessa (D:6)
  An ogre (D:4)
  A necrophage (D:4)
  Dowan (D:6)
  A jelly (D:4)
  Jessica (D:2)
  Ijyb (D:4)
  An orc wizard (D:4)
  2 gnolls (D:4)
  4 adders
  3 worms (D:2)
  6 dart slugs
  4 orcs
  8 bats
  6 endoplasms
  6 giant cockroaches
  4 goblins
  5 hobgoblins
  8 kobolds
  2 quokkas
  10 ball pythons
  3 frilled lizards
  6 rats
85 creatures vanquished.

Vanquished Creatures (collateral kills)
  A hound (D:5)
  A gnoll (D:4)
2 creatures vanquished.

Vanquished Creatures (others)
  An orc (D:4)
  2 plants (D:3)
  A withered plant (D:6)
4 creatures vanquished.

Grand Total: 91 creatures vanquished

Notes
Turn   | Place    | Note
-------+----------+-------------------------------------------
     0 | D:1      | KennySheep the Naga Brigand began the quest for the Orb.
     0 | D:1      | Reached XP level 1. HP: 19/19 MP: 1/1
   146 | D:1      | Reached skill level 6 in Stealth
   285 | D:1      | Reached XP level 2. HP: 8/26 MP: 2/2
   523 | D:1      | Reached skill level 1 in Dodging
   570 | D:1      | Found Peutitet's Book Boutique.
   912 | D:2      | Noticed Jessica
   925 | D:2      | Killed Jessica
   926 | D:2      | Reached XP level 3. HP: 27/33 MP: 3/3
   995 | D:2      | Found a faded altar of an unknown god.
  1006 | D:2      | Prayed at the altar of an unknown god.
  1006 | D:2      | Became a worshipper of Gozag Ym Sagoz the Greedy
  1027 | D:2      | Reached XP level 4. HP: 34/40 MP: 4/4
  1111 | D:2      | Found Biegg's Weapon Emporium.
  1797 | D:2      | Reached skill level 7 in Stealth
  2334 | D:2      | Reached XP level 5. HP: 12/46 MP: 5/5
  2684 | D:1      | Bought a book of Burglary for 240 gold pieces
  2687 | D:1      | Learned a level 2 spell: Passwall
  3908 | D:4      | Noticed an ogre
  3974 | D:4      | Killed an ogre
  3975 | D:4      | Reached skill level 1 in Transmutations
  3975 | D:4      | Reached skill level 1 in Earth Magic
  3975 | D:4      | Reached XP level 6. HP: 55/55 MP: 6/6
  4021 | D:4      | Found a staircase to the Ecumenical Temple.
  4132 | D:4      | Found a hazy altar of Hepliaklqana.
  4178 | D:4      | Found a snail-covered altar of Cheibriados.
  4273 | D:4      | Noticed Ijyb
  4300 | D:4      | Killed Ijyb
  4362 | D:4      | Reached skill level 8 in Stealth
  4599 | D:4      | Gained mutation: You occasionally lose the ability to read
                  | scrolls when taking damage. [potion of mutation]
  4599 | D:4      | Gained mutation: You are dopey. (Int -2) [potion of
                  | mutation]
  5026 | D:5      | Entered Level 5 of the Dungeon
  5032 | D:5      | Noticed Prince Ribbit
  5155 | D:5      | Identified the +8 hammer "Kimeus" {vorpal, rElec rC+}
  5157 | D:5      | Found a runed translucent door.
  5158 | D:5      | Noticed Crazy Yiuf
  5211 | D:5      | Reached XP level 7. HP: 44/62 MP: 7/7
  5248 | D:6      | Noticed Dowan
  5458 | D:6      | Noticed Duvessa
  5462 | D:6      | Killed Duvessa
  5498 | D:6      | Killed Dowan
  5573 | D:6      | HP: 1/61 [centaur/arrow (5)]
  5574 | D:6      | Slain by an adder

Illustrated notes

Levels and vault maps discovered:
D:1:      nicolae_arrival_memento_mori, layout_basic, serial_shops, shop
D:2:      layout_basic, dreamdust_ecumenical_altar_statues, serial_shops,
          nicolae_shop_statue_plus, minmay_fractal_squares_5, uniq_jessica
D:3:      cheibrodos_helix_gallery, layout_basic, serial_bayou,
          serial_bayou_pond_d, serial_bayou_pond_c, serial_bayou_lake_a,
          serial_bayou_shore_a, serial_bayou_crossing
D:4:      layout_rooms, general_overflow_altar,
          mainiacjoe_overflow_cross_hatched, temple_hall,
          nicolae_figureground_sparkle, uniq_ijyb
D:5:      layout_loops_corners, nicolae_tso_swordbearing_angel,
          makhleb_grotto_becter, overflow_temple_1_default, serial_shops,
          nicolae_shop_advertising_works [nicolae_subvault_shop_adworks],
          uniq_crazy_yiuf_cottage, uniq_menkaure, uniq_prince_ribbit1
D:6:      layout_basic, jmf_multi_god_temple2, serial_undead, serial_undead_a,
          serial_undead_b, serial_undead_d, serial_undead_c, minivault_23,
          uniq_edmund, uniq_sigmund, uniq_duvessa

Skill      XL: |  1  2  3  4  5  6 |
---------------+-------------------+-----
Stealth        | 6 7 8 |  8.4
Dodging        | 1 2 |  2.1
Short Blades   | 3 4 |  4.3
Transmutations | 1 2 |  2.3
Earth Magic    | 1 2 |  2.3
Fighting       | 3 |  3.3
Throwing       | |  1.7

Action                   |  1- 3 |  4- 6 |  7- 9 || total
-------------------------+-------+-------+-------++-------
Melee: Dagger            |    45 |   203 |    21 ||   269
       Unarmed           |     9 |       |       ||     9
       Punch             |       |     2 |       ||     2
Throw: Dart              |     1 |     9 |     3 ||    13
 Cast: Passwall          |       |     2 |     3 ||     5
 Abil: Spit Poison       |       |     9 |     1 ||    10
Evoke: Wand              |       |     9 |       ||     9
  Use: Scroll            |       |    11 |     1 ||    12
       Potion            |       |     2 |     1 ||     3
 Stab: Sleeping          |    10 |    18 |     1 ||    29
       Confused          |     1 |       |       ||     1
       Distracted        |       |     1 |       ||     1
Armor: Robe              |    11 |    27 |     4 ||    42
       Skin              |     1 |       |       ||     1
Dodge: Dodged            |    20 |    67 |    14 ||   101

Table legend: (Time is in decaauts)
 A = Elapsed time spent in this place.
 B = Non-inter-level travel time spent in this place.
 C = Inter-level travel time spent in this place.
 D = Time resting spent in this place.
 E = Time spent auto-exploring this place.
 F = Levels seen in this place.
 G = Mean time per level.
                   A        B        C        D        E       F      G
               +--------+--------+--------+--------+--------+-----+--------+
         Total |   6723 |   6153 |    570 |   1689 |   3285 |   6 | 1120.5 |
       Dungeon |   6723 |   6153 |    570 |   1689 |   3285 |   6 | 1120.5 |
               +--------+--------+--------+--------+--------+-----+--------+

Top non-repeatable levels by time:
     D:2: 2223 daAuts
     D:3: 1481 daAuts
     D:4: 1238 daAuts
     D:1: 1186 daAuts
     D:5: 299 daAuts
     D:6: 294 daAuts
